 Dungeon Crawl Stone Soup version 0.16-a0-1858-gba9b1e2 (webtiles) character file.

15 FiftyNine the Ruffian (level 2, -1/24 HPs)
             Began as a Ghoul Warper on Nov 4, 2014.
             Slain by a hobgoblin
             ... wielding a +0 club
              (3 damage)
             ... on level 1 of the Dungeon.
             The game lasted 00:02:22 (418 turns).

FiftyNine the Ruffian (Ghoul Warper)                 Turns: 418, Time: 00:02:22

Health: -1/24      AC:  3    Str: 14    XL:     2   Next: 50%
Magic:  3/3        EV: 10    Int:  8    God:
Gold:   27         SH:  0    Dex:  8    Spells: 1 memorised, 3 levels left

rFire  . . .     SeeInvis .       - Unarmed
rCold  + . .     Clarity  .     b - +0 leather armour
rNeg   + + +     SustAb   .     (no shield)
rPois  +         Gourm    .     (no helmet)
rElec  .         Spirit   .     (no cloak)
rCorr  .         Warding  .     (no gloves)
rMut   .         Stasis   .     (no boots)
MR     .....                    (no amulet)
Stlth  +.........               (no ring)
                                (no ring)

@: rotting, not resistant to hostile enchantments, very unstealthy
A: rotting body, claws 1, carnivore 3, cold resistance 1, negative energy
resistance 3, poison resistance, slow healing 1, torment resistance, unbreathing
a: no special abilities


You were on level 1 of the Dungeon.
You were not hungry.

You visited 1 branch of the dungeon, and saw 1 of its levels.

You collected 27 gold pieces.

Inventory:

Armour
 b - a +0 leather armour (worn)
Scrolls
 a - a scroll of amnesia {unknown}
 d - a scroll of blinking
Books
 c - a book of Spatial Translocations


   Skills:
 - Level 2.1 Fighting
 - Level 0.8 Throwing
 - Level 0.8 Armour
 - Level 1.7 Dodging
 + Level 3.3 Unarmed Combat
 - Level 1.7 Spellcasting
 - Level 2.6 Translocations


You had 3 spell levels left.
You knew the following spells:

 Your Spells              Type           Power        Failure   Level  Hunger
q - Apportation           Tloc           #.........   14%         1    ##.....


Innate Abilities, Weirdness & Mutations

Your body is rotting away.
You thrive on raw meat.
You have sharp fingernails.
You are carnivorous and can eat meat at any time.
Your flesh is cold resistant.
You are immune to negative energy.
Your system is resistant to poisons.
You heal slowly when monsters are visible.
You are immune to unholy pain and torment.
You can survive without breathing.

Dungeon Overview and Level Annotations

Branches:
Dungeon (1/15)

Altars:

....((.......
............$
..........#
....(...#
########.....#
."...%....g#
#############)#
#.....#######.#
#.....@g......#
#####.#########
#%.........
#.#####..##########
...................
######..........##
#..........)#
#...).......#
#...........#


You could see a hobgoblin (bleeding).


Message History

You barely miss the hobgoblin.
The hobgoblin is lightly wounded.
The hobgoblin hits you with a club.
* * * LOW HITPOINT WARNING * * *
You take 6 damage.
You scratch the hobgoblin but do no damage.
The hobgoblin is moderately wounded.
The hobgoblin barely misses you.
You scratch the hobgoblin but do no damage.
The hobgoblin is moderately wounded.
You barely miss the hobgoblin.
The hobgoblin is moderately wounded.
The hobgoblin is no longer bleeding.
The hobgoblin hits you but does no damage.
You closely miss the hobgoblin.
The hobgoblin is moderately wounded.
The hobgoblin hits you but does no damage.
You scratch the hobgoblin.
The hobgoblin begins to bleed from its wounds!
The hobgoblin is severely wounded.
The hobgoblin hits you with a club.
* * * LOW HITPOINT WARNING * * *
You take 3 damage.
You completely miss the hobgoblin.
The hobgoblin is severely wounded.
The hobgoblin closely misses you.
You closely miss the hobgoblin.
The hobgoblin is severely wounded.
The hobgoblin hits you with a club.
You die...

Notes
Turn   | Place    | Note
--------------------------------------------------------------
     0 | D:1      | FiftyNine, the Ghoul Warper, began the quest for the Orb.
     0 | D:1      | Reached XP level 1. HP: 17/17 MP: 2/2
   236 | D:1      | Reached skill level 3 in Unarmed Combat
   236 | D:1      | Reached XP level 2. HP: 22/24 MP: 3/3
   418 | D:1      | Slain by a hobgoblin

Vanquished Creatures
  A giant gecko (D:1)
  5 hobgoblins (D:1)
  A kobold (D:1)
  3 bats (D:1)
  A goblin (D:1)
  A rat (D:1)
12 creatures vanquished.

Action                   || total
-------------------------++-------
Melee: Unarmed           ||    40
Throw: Tomahawk          ||     5
       Stone             ||     4
  Eat: Chunk             ||     2

Vault maps used:
D:1:      eino_arrival_druids_welcome
